 Dungeon Crawl Stone Soup version 0.31-a0-167-g1c394c0614 (webtiles) character file.

Game seed: 12200752558659945445

59 qw the Shooter (level 4, 0/39 HPs)
             Began as a Naga Hunter on June 14, 2023.
             Succumbed to a scorpion's poison
             ... on level 2 of the Dungeon.
             The game lasted 00:00:26 (895 turns).

qw the Shooter (Naga Hunter)                         Turns: 895, Time: 00:00:27

Health: 0/39       AC:  2    Str: 14    XL:     4   Next: 3%
Magic:  4/4        EV:  9    Int:  9    God:
Gold:   31         SH:  0    Dex: 16    Spells: 3/3 levels left

rFire   . . .        Y - +0 shortbow
rCold   . . .        (shield currently unavailable)
rNeg    . . .        c - +0 leather armour
rPois   +            (no helmet)
rElec   .            (no cloak)
rCorr   .            (no gloves)
SInv    +            (no barding)
Will    .....        (no amulet)
Stlth   ++           (no ring)
HPRegen 0.26/turn    (no ring)
MPRegen 0.09/turn

%: no passive effects
@: lethally poisoned (0 -> -6), about to teleport, short of breath, very slow
A: AC +1, large, see invisible, deformed body, poison resistance, slowness 2,
spit poison 1, naga tail 1
a: Spit Poison


You were on level 2 of the Dungeon.
You visited 1 branch of the dungeon, and saw 2 of its levels.

You collected 31 gold pieces.


Innate Abilities, Weirdness & Mutations

Your serpentine skin is tough. (AC +1)
You have supernaturally acute eyesight. (SInv)
Armour fits poorly on your strangely shaped body.
Your system is resistant to poisons. (rPois)
You cover ground very slowly.
You can spit poison.
You have a snake-like lower body.


   Skills:
 + Level 2.0 Fighting
 - Level 5.0 Ranged Weapons
 - Level 1.5 Dodging
 - Level 1.5 Stealth


You had 3 spell levels left.
You didn't know any spells.
Your spell library was empty.

Inventory:

Hand Weapons
 Y - a +0 shortbow (weapon)
Armour
 c - a +0 leather armour (worn)
Scrolls
 a - a scroll of identify {unknown}
 g - 2 scrolls of teleportation
Potions
 e - a potion of mutation {unknown}
 f - a potion of might

Dungeon Overview and Level Annotations

Branches:
Dungeon (2/15)

Altars:


Message History

The worm is heavily wounded.
You shoot an arrow. The arrow hits the worm!
The worm is almost dead.
You shoot an arrow. The arrow hits the worm.
You kill the worm!
The adder bites you.
Your Ranged Weapons skill increases to level 5!
You have reached level 4!
You feel stronger.
You shoot an arrow.
The arrow hits the scorpion but does no damage.
The scorpion is heavily wounded.
The adder closely misses you. The scorpion stings you.
You are poisoned.
The scorpion poisons you! The adder closely misses you.
You shoot an arrow. The arrow barely misses the scorpion.
You feel very sick. The scorpion misses you. The adder bites you.
The scorpion stings you.
You are more poisoned.
The scorpion poisons you!
You shoot an arrow. The arrow barely misses the scorpion.
You have got your breath back.
You feel very sick. The adder bites you. The scorpion barely misses you.
The adder barely misses you.
893 ||| INVOKING Spit Poison.
Aiming: Spit Poison (1% risk of failure)
Press: ? - help, Shift-Dir - straight line, f/p - scorpion The splash of poison hits the scorpion.
The scorpion is poisoned.
The scorpion is severely wounded.
You feel very sick. The scorpion stings you. The adder bites you.
The scorpion completely misses you.
You shoot an arrow. The arrow closely misses the scorpion.
You feel very sick. The adder bites you but does no damage.
The scorpion stings you. The adder closely misses you.
895 ||| READING 3 scrolls of teleportation.
As you read the scroll of teleportation, it crumbles to dust.
You feel strangely unstable.
You die...

#......<...............
.......................
.....##..##............
...# ##..#............
## ##..###.........
....# #......... ....#
##..###### ....###..##
#.@.# #.Ss# .%...#
#...... .........
...........
.....$....?$.
##.......>...#


You could see a scorpion (poisoned) and an adder.

Vanquished Creatures
  An adder (D:2)
  A worm (D:2)
  4 dart slugs
  2 bats
  7 endoplasms
  2 giant cockroaches (D:1)
  3 goblins (D:1)
  3 hobgoblins (D:1)
  4 quokkas
  3 ball pythons (D:1)
  3 frilled lizards (D:1)
  A kobold (D:1)
  2 rats (D:1)
36 creatures vanquished.

Notes
Turn   | Place    | Note
-------+----------+-------------------------------------------
     0 | D:1      | qw the Naga Hunter began the quest for the Orb.
     0 | D:1      | Reached XP level 1. HP: 19/19 MP: 1/1
     0 | D:1      | 0 ||| qw: Version: 0.2-a-29-g1fa15c8
     0 | D:1      | 0 ||| qw: Game counter: 4907
     0 | D:1      | 0 ||| qw: Always use a shield: true
     0 | D:1      | 0 ||| qw: God list: Okawaru
     0 | D:1      | 0 ||| qw: Allow faded altars: false
     0 | D:1      | 0 ||| qw: Do Orc after D:15 true
     0 | D:1      | 0 ||| qw: Do second Lair branch before Depths: true
     0 | D:1      | 0 ||| qw: Lair rune preference: random
     0 | D:1      | 0 ||| qw: Plans: Normal
     0 | D:1      | 0 ||| PLANNING D:1-11
    46 | D:1      | 46 ||| INVOKING Spit Poison.
    51 | D:1      | 51 ||| INVOKING Spit Poison.
    57 | D:1      | 57 ||| INVOKING Spit Poison.
    62 | D:1      | 62 ||| INVOKING Spit Poison.
    65 | D:1      | 65 ||| INVOKING Spit Poison.
    66 | D:1      | Reached skill level 4 in Ranged Weapons
    66 | D:1      | Reached XP level 2. HP: 20/26 MP: 2/2
   126 | D:1      | 126 ||| INVOKING Spit Poison.
   146 | D:1      | Found a faded altar of an unknown god.
   149 | D:1      | 149 ||| INVOKING Spit Poison.
   168 | D:1      | 168 ||| INVOKING Spit Poison.
   175 | D:1      | 175 ||| INVOKING Spit Poison.
   223 | D:1      | 223 ||| INVOKING Spit Poison.
   224 | D:1      | 224 ||| INVOKING Spit Poison.
   233 | D:1      | 233 ||| INVOKING Spit Poison.
   293 | D:1      | 293 ||| INVOKING Spit Poison.
   304 | D:1      | 304 ||| INVOKING Spit Poison.
   313 | D:1      | 313 ||| INVOKING Spit Poison.
   323 | D:1      | 323 ||| INVOKING Spit Poison.
   336 | D:1      | 336 ||| INVOKING Spit Poison.
   351 | D:1      | 351 ||| INVOKING Spit Poison.
   355 | D:1      | Reached XP level 3. HP: 32/32 MP: 3/3
   358 | D:1      | 358 ||| INVOKING Spit Poison.
   381 | D:1      | 381 ||| INVOKING Spit Poison.
   386 | D:1      | 386 ||| INVOKING Spit Poison.
   399 | D:1      | 399 ||| INVOKING Spit Poison.
   490 | D:1      | 490 ||| INVOKING Spit Poison.
   656 | D:1      | 656 ||| INVOKING Spit Poison.
   830 | D:1      | 830 ||| READING scroll labelled MUUCWUAWAC.
   831 | D:1      | 831 ||| READING 4 scrolls labelled WAKHLUEKOUST.
   836 | D:1      | 836 ||| READING scroll labelled KEKYTSAUSSI.
   837 | D:1      | 837 ||| DRINKING 2 murky orange potions.
   838 | D:1      | 838 ||| DROPPING scroll of butterflies.
   858 | D:2      | 858 ||| INVOKING Spit Poison.
   869 | D:2      | 869 ||| INVOKING Spit Poison.
   883 | D:2      | 883 ||| INVOKING Spit Poison.
   884 | D:2      | Noticed a scorpion
   887 | D:2      | 887 ||| INVOKING Spit Poison.
   890 | D:2      | Reached skill level 5 in Ranged Weapons
   890 | D:2      | Reached XP level 4. HP: 35/39 MP: 4/4
   893 | D:2      | 893 ||| INVOKING Spit Poison.
   894 | D:2      | HP: 8/39 [poisoned by a scorpion]
   894 | D:2      | HP: 2/39 [scorpion (6)]
   895 | D:2      | 895 ||| READING 3 scrolls of teleportation.
   895 | D:2      | Succumbed to a scorpion's poison

Levels and vault maps discovered:
D:1:      mrwooster_arrival_statue_2, layout_basic,
          shapermc_ecumenical_altar_gd, chequers_serial_rivers_room_a,
          hangedman_decor_points
D:2:      layout_rooms, basic_altar, serial_shops,
          nicolae_shop_getting_attention

Skill      XL: |  1  2  3 |
---------------+----------+-----
Ranged Weapons | 4 5 |  5.0
Fighting       | |  2.0
Dodging        | |  1.5
Stealth        | |  1.5

Action                     |  1- 3 |  4- 6 || total
---------------------------+-------+-------++-------
   Fire: Shortbow          |    68 |     4 ||    72
Ability: Spit Poison       |    27 |     1 ||    28
    Use: Scroll            |     3 |     1 ||     4
         Potion            |     1 |       ||     1
 Armour: Leather armour    |     3 |     1 ||     4
  Dodge: Dodged            |    10 |     7 ||    17

Table legend:
 A = Non-vault XP
 B = Vault XP
 C = Vault XP percentage of total XP
 D = Non-vault monster count
 E = Vault monster count
 F = Vault count percentage of total count
                 A         B        C        D         E       F
            +---------+---------+-------+---------+---------+-------
      Total |      85 |       0 |   0.0 |      36 |       0 |   0.0
            +---------+---------+-------+---------+---------+-------
        D:1 |      56 |       0 |   0.0 |      29 |       0 |   0.0
        D:2 |      29 |       0 |   0.0 |       7 |       0 |   0.0
            +---------+---------+-------+---------+---------+-------
